 Dungeon Crawl Stone Soup version 0.28-a0-751-gef3a642a4e (webtiles) character file.

Game seed: 7054563651457695056

1516 Leeroy the Changer (level 8, -2/53 HPs)
             Began as a White Draconian Transmuter on Oct 30, 2021.
             Was a Believer of Kikubaaqudgha.
             Slain by Duvessa (11 damage)
             ... on level 6 of the Dungeon.
             The game lasted 00:16:34 (8401 turns).

Leeroy the Changer (White Draconian Transmuter)     Turns: 8401, Time: 00:16:36

Health: -2/53      AC:  2    Str: 13    XL:     8   Next: 53%
Magic:  10/12      EV: 23    Int: 15    God:    Kikubaaqudgha [**....]
Gold:   35         SH:  0    Dex: 17    Spells: 1/13 levels left

rFire   . . .      SeeInvis .     - Unarmed
rCold   . . .      Faith    .   (shield currently unavailable)
rNeg    . . .      Spirit   .   (armour unavailable)
rPois   x          Reflect  .   (helmet currently unavailable)
rElec   .          Harm     .   (cloak currently unavailable)
rCorr   .          Rampage  .   (gloves currently unavailable)
Will    .....                   (boots currently unavailable)
Stlth   +.........              (no amulet)
HPRegen 0.17/turn               (no ring)
MPRegen 0.13/turn               (no ring)

@: lit by a corona, spider-form, glowing, studying Long Blades
A: venomous fangs, (breathe frost), AC +6, tiny, unfitting armour, (cold
resistance 1), (cold-blooded), frail 1
a: End Transformation, Renounce Religion, Receive Corpses


You were on level 6 of the Dungeon.
You worshipped Kikubaaqudgha.
Kikubaaqudgha was pleased with you.
You were a venomous arachnid creature.
You visited 1 branch of the dungeon, and saw 6 of its levels.

You collected 255 gold pieces.
You spent 220 gold pieces at shops.

Inventory:

Hand Weapons
 f - a +0 long sword
 w - a +2 short sword of freezing (melded)
Missiles
 d - 3 silver javelins
 s - 31 poisoned darts
 z - a boomerang of dispersal
Armour
 c - a +1 pair of boots (melded)
 y - a +0 pair of gloves (melded)
 A - a +0 hat (melded)
Magical Staves
 t - a staff of death
Wands
 x - a wand of iceblast (14)
Scrolls
 e - 5 scrolls of noise
 g - 2 scrolls of identify
 h - 2 scrolls of fear
 i - a scroll of fog {unknown}
 n - a scroll of teleportation {unknown}
 p - 2 scrolls of vulnerability {unknown}
 q - 2 scrolls of blinking {unknown}
 r - a scroll of enchant armour {unknown}
 u - 3 scrolls of immolation {unknown}
 v - 2 scrolls of magic mapping {unknown}
Potions
 a - a potion of might {unknown}
 b - 4 potions of curing {unknown}
 j - a potion of haste {unknown}
 k - a potion of cancellation {unknown}
 l - a potion of brilliance {unknown}
 m - a potion of degeneration {unknown}
 o - 2 potions of flight {unknown}


   Skills:
 - Level 1.1 Fighting
 + Level 6.4 Dodging
 - Level 3.8 Unarmed Combat
 - Level 3.1 Spellcasting
 - Level 7.4 Transmutations
 - Level 1.3 Poison Magic


You had one spell level left.
You knew the following spells:

 Your Spells              Type           Power      Damage    Failure   Level
a - Beastly Appendage     Tmut           48%        N/A       4%          1
b - Spider Form           Tmut/Pois      7%         N/A       24%         3
c - Sublimation of Blood  Necr           1%         N/A       52%         2
d - Blade Hands           Tmut           12%        N/A       47%         5
e - Animate Skeleton      Necr           4%         N/A       41%         1

Your spell library contained the following spells:

 Spells                   Type           Power      Damage    Failure   Level
 Freeze                   Ice            8%         1d3       41%         1
 Magic Dart               Conj           8%         1d3       41%         1
 Pain                     Necr           8%         1d4       41%         1
 Wereblood                Tmut           24%        N/A       6%          2
 Call Imp                 Summ           2%         N/A       52%         2
 Ensorcelled Hibernation  Hex/Ice        4%         N/A       52%         2
 Ice Form                 Ice/Tmut       13%        N/A       61%         4
 Mephitic Cloud           Conj/Pois/Air  3%         N/A       67%         3
 Dazzling Flash           Conj/Hex       4%         N/A       73%         3
 Portal Projectile        Hex/Tloc       4%         N/A       73%         3
 Vampiric Draining        Necr           1%         2d6       73%         3
 Agony                    Necr           2%         N/A       100%        5
 Excruciating Wounds      Necr           1%         N/A       100%        5
 Silence                  Hex/Air        1%         N/A       100%        5
 Necromutation            Tmut/Necr      6%         N/A       100%        8


Dungeon Overview and Level Annotations

Branches:
Dungeon (6/15)
 Temple: D:4-7

Altars:
Cheibriados
Elyvilon
Kikubaaqudgha
Qazlal
Uskayaw
Yredelemnul
Zin

Shops:
D:6 ::

Annotations:
D:6 Duvessa


Innate Abilities, Weirdness & Mutations

You are a venomous arachnid creature.
You have poisonous fangs.
You are tiny and dextrous.
Your spellcasting is less reliable in this form.
Your armour is entirely melded.
You are incapable of wielding weapons or throwing items.
((You can breathe waves of freezing cold which knock back foes.))
((Your icy white scales are hard. (AC +6)))
You cannot fit into any form of body armour.
((Your flesh is cold resistant. (rC+)))
((You are cold-blooded and may be slowed by cold attacks.))
You are frail. (-10% HP)


Message History

Your +1 pair of boots unmelds from your body.
Your +2 short sword of freezing glows with a cold blue light!
Duvessa rages.
Casting: Spider Form (dangerous; 10% risk of failure)
Confirm with . or Enter, or press ? or * to list all spells.
You turn into a venomous arachnid creature.
Your +2 short sword of freezing melds into your body.
Your +0 hat melds into your body.
Your +0 pair of gloves melds into your body.
Your +1 pair of boots melds into your body.
Your +2 short sword of freezing stops glowing.
Duvessa hits you with a +0 rapier!
You hit Duvessa but do no damage.
Duvessa is poisoned.
Duvessa is moderately wounded.
Duvessa completely misses you. x2
Found a stone staircase leading down.
Duvessa rages.
You hit Duvessa but do no damage.
Duvessa is moderately wounded.
Duvessa misses you. x2
Unknown command.
You bite Duvessa!
Duvessa looks as sick as possible!
Duvessa is heavily wounded.
Duvessa completely misses you. Duvessa completely misses you.
Duvessa hits you with a +0 rapier!!
* * * LOW HITPOINT WARNING * * *
Okay, then.
Okay, then.
Okay, then.
Casting: Spider Form (dangerous; 24% risk of failure)
Confirm with . or Enter, or press ? or * to list all spells.
Okay, then.
You hit Duvessa but do no damage.
Duvessa looks as sick as possible!
Duvessa is severely wounded.
Duvessa hits you with a +0 rapier.
* * * LOW HITPOINT WARNING * * *
Duvessa hits you with a +0 rapier!
You die...
Kikubaaqudgha rasps: "You have failed me!
Welcome... death!"

##........#.# #....
#.########.# #...#
#.# #.# #..#. #.#
#.# #.... #.######
#.# #..#..
##.##...###.####
#.###.
#...#.#........##..
#.
###........#...#.##.
#.
#.......s#.....e.#..
#.
#......e.#.#...#...
... #.......##e##.##
#. ###...####)# .#
#...####.# #
##.......# #.#######
#. ..


You could see Duvessa (berserk, extremely poisoned).

Vanquished Creatures
  Sigmund (D:2)
  A black bear (D:6)
  2 ice beasts
  An ogre (D:6)
  A kobold brigand (D:6)
  A phantom (D:6)
  A bullfrog (D:6)
  A wyvern zombie (D:6)
  A scorpion (D:6)
  2 gnoll sergeants (D:5)
  Dowan (D:6)
  A howler monkey (D:6)
  A bullfrog zombie (D:5)
  2 hounds (D:4)
  Jessica (D:2)
  3 iguanas
  2 orc wizards
  9 gnolls
  3 adders
  A white imp (D:5)
  An ufetubus (D:5)
  An adder skeleton (D:4)
  3 dart slugs
  10 orcs
  6 bats
  6 endoplasms
  2 giant cockroaches
  4 goblins
  4 hobgoblins
  4 jackals (D:1)
  9 ball pythons
  5 frilled lizards
  5 kobolds
  A rat (D:1)
  A spectral orc (D:3)
98 creatures vanquished.

Notes
Turn   | Place    | Note
-------+----------+-------------------------------------------
     0 | D:1      | Leeroy the Draconian Transmuter began the quest for the
                  | Orb.
     0 | D:1      | Reached XP level 1. HP: 16/16 MP: 3/3
   191 | D:1      | Reached XP level 2. HP: 5/23 MP: 3/5
   320 | D:1      | Found a faded altar of an unknown god.
   875 | D:1      | Prayed at the altar of an unknown god.
   875 | D:1      | Became a worshipper of Kikubaaqudgha
   875 | D:1      | Reached * piety under Kikubaaqudgha
   875 | D:1      | Received a gift from Kikubaaqudgha
   977 | D:2      | Reached XP level 3. HP: 28/28 MP: 6/6
   989 | D:2      | Learned a level 3 spell: Spider Form
   992 | D:2      | Learned a level 2 spell: Sublimation of Blood
  1013 | D:2      | Reached skill level 3 in Transmutations
  1308 | D:2      | Noticed Jessica
  1313 | D:2      | Killed Jessica
  1314 | D:2      | Reached XP level 4. HP: 14/35 MP: 7/7
  1542 | D:2      | Noticed Sigmund
  1952 | D:2      | Killed Sigmund
  1953 | D:2      | Reached skill level 5 in Transmutations
  1953 | D:2      | Reached skill level 1 in Poison Magic
  1953 | D:2      | Reached XP level 5. HP: 28/40 MP: 5/8
  2355 | D:3      | Found a basalt altar of Yredelemnul.
  2642 | D:3      | Reached ** piety under Kikubaaqudgha
  2795 | D:4      | Found a white marble altar of Elyvilon.
  2897 | D:4      | Reached XP level 6. HP: 39/47 MP: 9/9
  3439 | D:3      | Learned a level 5 spell: Blade Hands
  4103 | D:5      | Entered Level 5 of the Dungeon
  4119 | D:5      | Reached skill level 6 in Transmutations
  4404 | D:5      | Your scales start taking on an icy white colour.
  4404 | D:5      | Reached XP level 7. HP: 50/52 MP: 8/11
  4404 | D:5      | Gained mutation: Your flesh is cold resistant. (rC+) [White
                  | Draconian growth]
  4784 | D:5      | Learned a level 1 spell: Animate Skeleton
  6722 | D:5      | Reached skill level 7 in Transmutations
  7507 | D:6      | Reached XP level 8. HP: 42/59 MP: 6/12
  7617 | D:6      | Found Byes's Book Boutique.
  7625 | D:6      | Bought Amaxemuo's Catalogue of Frigorific Moulding for 220
                  | gold pieces
  7706 | D:6      | Found a snail-covered altar of Cheibriados.
  7706 | D:6      | Found a glowing silver altar of Zin.
  7714 | D:6      | Found a stormy altar of Qazlal.
  7716 | D:6      | Found a hide-covered altar of Uskayaw.
  7718 | D:6      | Found a faded altar of an unknown god.
  7924 | D:6      | Gained mutation: You are frail. (-10% HP) [mutagenic glow]
  8057 | D:6      | Reached skill level 5 in Dodging
  8301 | D:6      | Found Dococwug's Book Shop.
  8362 | D:6      | Noticed Duvessa
  8362 | D:6      | Noticed Dowan
  8385 | D:6      | Killed Dowan
  8401 | D:6      | Slain by Duvessa

Illustrated notes

Levels and vault maps discovered:
D:1:      tarquinn_simple_flora_water_f, layout_basic,
          ebering_ecumenical_altar_webs, kennysheep_doodads, minmay_lizard_pond
D:2:      layout_basic, uniq_sigmund, uniq_jessica
D:3:      layout_rooms, yredelemnul_forgotten_temple_becter, serial_forest,
          infiniplex_forest_straight_2, infiniplex_forest_lined_3,
          infiniplex_forest_straight_1, infiniplex_forest_straight_3,
          infiniplex_forest_clump_small, infiniplex_forest_clump_small,
          infiniplex_forest_join, infiniplex_forest_end_double,
          minmay_misc_feat_four_crosses
D:4:      layout_basic, elyvilon_altar_4
D:5:      layout_loops_cross, ldierk_geyser, grunt_decor_one_mirror
D:6:      layout_loops_corners, chequers_temple_overflow_minitemple,
          serial_shops, nicolae_shop_trees, nicolae_shop_stone,
          minmay_manual_moon, uniq_duvessa

Skill      XL: |  1  2  3  4  5  6  7  8 |
---------------+-------------------------+-----
Transmutations | 3 5 6 7 |  7.4
Poison Magic   | 1 |  1.3
Spellcasting   | 3 |  3.1
Dodging        | 2 4 6 |  6.4
Fighting       | |  1.1
Unarmed Combat | |  3.8

Action                   |  1- 3 |  4- 6 |  7- 9 || total
-------------------------+-------+-------+-------++-------
Melee: Unarmed           |    45 |    64 |    75 ||   184
       Tailslap          |    10 |     5 |     8 ||    23
       Headbutt          |     2 |       |       ||     2
       Kick              |     1 |       |       ||     1
       Long sword        |    51 |    50 |    11 ||   112
       Punch             |     1 |       |     1 ||     2
       Short sword       |       |       |    55 ||    55
 Cast: Beastly Appendage |     2 |       |     2 ||     4
       Spider Form       |       |     9 |     9 ||    18
       Blade Hands       |       |       |     7 ||     7
       Animate Skeleton  |       |       |     3 ||     3
 Abil: Breathe Frost     |       |       |     4 ||     4
  Use: Scroll            |       |       |     2 ||     2
 Stab: Sleeping          |     2 |     2 |     1 ||     5
Armor: Skin              |    31 |    31 |    41 ||   103
Dodge: Dodged            |    73 |    95 |   137 ||   305

Table legend: (Time is in decaauts)
 A = Elapsed time spent in this place.
 B = Non-inter-level travel time spent in this place.
 C = Inter-level travel time spent in this place.
 D = Time resting spent in this place.
 E = Time spent auto-exploring this place.
 F = Levels seen in this place.
 G = Mean time per level.
                   A        B        C        D        E       F      G
               +--------+--------+--------+--------+--------+-----+--------+
         Total |   8447 |   8148 |    299 |   2651 |   4361 |   6 | 1407.8 |
       Dungeon |   8447 |   8148 |    299 |   2651 |   4361 |   6 | 1407.8 |
               +--------+--------+--------+--------+--------+-----+--------+

Top non-repeatable levels by time:
     D:4: 2060 daAuts
     D:5: 1699 daAuts
     D:3: 1438 daAuts
     D:1: 1292 daAuts
     D:6: 1033 daAuts
     D:2: 922 daAuts
